Unix NetHack Version 3.7.0-60 Work-in-progress - last build Jul 4 2022 01:43:29 (134405cb149eba288f9ebde9dc5ae542b72f3bf0,branch:master). Game began 2022-07-05 11:04:19, ended 2022-07-05 11:16:43. seppokalevi7, neutral female human Valkyrie --- |..-- ---- ...| ------ |..-- -..| --.)..---...| ---..---....).....- |.........).......| - |.............).%.| .| --.......---....%<| .-- - .. ---....-| ----..-- ---- --- ...---..| --....| --.----..--..--.........| --....---- --.|......>............| --........| ...-..................| |..[......-- -.....dS............. |..........-- |...erZdeS........- ---.........|--...:keS.:b......- |..--.....||...:r:erebd......| ----|.....---..d.:s@@.d......- --...........Zh.---- .....- |......---.r:--- -- ---..--- ----- ---- Seppokalevi7 the Skirmisher St:16 Dx:11 Co:17 In:9 Wi:10 Ch:12 Neutral S:533 Dlvl:3 $:17 HP:0(35) Pw:6(6) AC:-1 Xp:4/104 T:745 Conf Latest messages: What do you want to tip? [r or ?*] A floating eye suddenly appears next to you! A cave spider suddenly appears next to you! A floating eye suddenly appears next to you! A werejackal suddenly appears next to you! A kitten suddenly appears next to you! A hobbit suddenly appears next to you! A giant rat suddenly appears close by! A giant rat suddenly appears next to you! A kobold zombie suddenly appears close by! A gecko suddenly appears close by! An iguana suddenly appears close by! A jackal suddenly appears close by! A jackal suddenly appears close by! An acid blob suddenly appears close by! A large kobold suddenly appears close by! A garter snake suddenly appears close by! A garter snake suddenly appears close by! A garter snake suddenly appears close by! A dwarf zombie suddenly appears close by! A giant rat suddenly appears close by! A giant rat suddenly appears close by! An iguana suddenly appears close by! A floating eye suddenly appears close by! An acid blob suddenly appears close by! A newt suddenly appears close by! An iguana suddenly appears close by! An iguana suddenly appears close by! A floating eye suddenly appears close by! A jackal suddenly appears close by! A gas spore suddenly appears close by! A fox suddenly appears close by! A jackal suddenly appears close by! Monsters appear! What do you want to drink? [l or ?*] Ooph! This tastes like liquid fire! The giant rat misses! The hobbit wields an elven dagger! The werejackal hits! The cave spider just misses! The kitten hisses! You kill the kitten! The large kobold hits the dwarf zombie. The giant rat misses! The hobbit thrusts his elven dagger. The hobbit hits! The werejackal hits! You die... Do you want your possessions identified? [ynq] (y) Do you want to see your attributes? [ynq] (y) Major events: Turn 1: seppokalevi7 the neutral human Valkyrie entered the dungeon 574: entered the Gnomish Mines 666: attained the rank of Skirmisher (level 3) 745: killed by a werejackal Inventory: Weapons b - a +0 dagger (alternate weapon; not wielded) a - a +1 long sword (weapon in hand) Armor h - an uncursed +0 orcish helm (being worn) c - an uncursed +3 small shield (being worn) i - an uncursed +0 splint mail (being worn) Comestibles k - an uncursed apple d - an uncursed food ration q - a cursed food ration j - 2 cursed melons g - 4 uncursed tripe rations p - an uncursed egg Tools r - a cursed bag of tricks (0:0) m - an uncursed wax candle Gems/Stones n - an uncursed worthless piece of black glass o - an uncursed worthless piece of violet glass Seppokalevi7 the Valkyrie's attributes: Background: You were a Skirmisher, a level 4 human Valkyrie. You were neutral, on a mission for Odin who was opposed by Tyr (lawful) and Loki (chaotic). You were in the Gnomish Mines, on level 3. You entered the dungeon 745 turns ago. You had 104 experience points, 56 more were needed to attain level 5. Your score was 533 before end-of-game adjustments. Basics: You had 0 out of 35 hit points. You had all 6 energy points (spell power). Your armor class was -1. Your wallet contained 17 zorkmids. Autopickup was off. Final Characteristics: Your strength was 16 (limit:18/100). Your dexterity was 11 (limit:18). Your constitution was 17 (limit:18). Your intelligence was 9 (limit:18). Your wisdom was 10 (limit:18). Your charisma was 12 (limit:18). Final Status: You were confused. You were not hungry. You were unencumbered. You were wielding a long sword. You had basic skill with long sword. Final Attributes: You were aligned. You were cold resistant. You were stealthy. You were warded. You are dead. Miscellaneous: You never encountered a bones level. Total elapsed playing time was 12 minutes and 23 seconds. Vanquished creatures: 2 gnome leaders a little dog a kitten 7 gnomes 2 jackals 2 foxes 2 goblins a grid bug 3 lichens 3 kobold zombies 24 creatures vanquished. No species were genocided or became extinct. Voluntary challenges: You followed a strict vegan diet. You were an atheist. You were illiterate. You never engraved Elbereth. You never genocided any monsters. You never polymorphed an object. You never changed form. You used no wishes. Achievements: You entered the Gnomish Mines. You attained the rank of Skirmisher. The Dungeons of Doom: levels 1 to 3 Level 1: Many altars. Level 2: Many altars. Stairs down to The Gnomish Mines. Level 3: The Gnomish Mines: Level 3: <- You were here. Final resting place for you, killed by a werejackal. Game over: ---------- / \ / REST \ / IN \ / PEACE \ / \ | seppokalevi7 | | 17 Au | | killed by a | | werejackal | | | | | | 2022 | *| * * * | * _________)/\\_//(\/(/\)/\//\/|_)_______ Farvel seppokalevi7 the Valkyrie... You died in The Gnomish Mines on dungeon level 3 with 532 points, and 17 pieces of gold, after 745 moves. You were level 4 with a maximum of 35 hit points when you died.